 Dungeon Crawl Stone Soup version 0.30-a0-457-g4b7bca3bfa (webtiles) character file.

Game seed: 14413203744539629593

169 Raultor the Insei (level 5, -8/34 HPs)
             Began as an Octopode Transmuter on Dec 13, 2022.
             Mangled by an iguana (13 damage)
             ... on level 4 of the Dungeon.
             The game lasted 00:05:47 (3102 turns).

Raultor the Insei (Octopode Transmuter)             Turns: 3102, Time: 00:05:48

Health: -8/34      AC:  1    Str:  9    XL:     5   Next: 50%
Magic:  7/8        EV: 13    Int: 18    God:
Gold:   191        SH:  0    Dex: 12    Spells: 1/8 levels left

rFire   . . .      SeeInvis .      - Unarmed
rCold   . . .      Faith    .    (no shield)
rNeg    . . .      Spirit   .    (helmet currently unavailable)
rPois   .          Reflect  .    (no amulet)
rElec   .          Harm     .    L - ring of flight
rCorr   +          Rampage  .    R - ring of resist corrosion
Will    .....                    (no ring)
Stlth   ++........               (no ring)
HPRegen 0.25/turn                (no ring)
MPRegen 0.11/turn                (no ring)
                                 (no ring)
                                 (no ring)

@: appendages, flying
A: tentacle spike 3, almost no armour, amphibious, 8 rings, camouflage 1,
gelatinous body 1, (nimble swimmer 1), tentacles
a: End Transformation


You were on level 4 of the Dungeon.
One of your tentacles had grown a beastly spike.
You visited 1 branch of the dungeon, and saw 4 of its levels.

You collected 191 gold pieces.


Innate Abilities, Weirdness & Mutations

One of your tentacles has grown a beastly spike.
You cannot wear most types of armour.
You are amphibious.
You can wear up to eight rings at the same time.
Your skin changes colour to match your surroundings (Stealth+).
Your rubbery body absorbs attacks. (AC +1, EV +1)
((You are camouflaged when in or above water. (Stealth+)))
You have tentacles for arms and can constrict up to eight enemies at once.


   Skills:
 + Level 2.1 Fighting
 - Level 2.0 Dodging
 + Level 3.6 Unarmed Combat
 - Level 2.0 Spellcasting
 * Level 3.5 Transmutations
 * Level 2.7 Ice Magic


You had one spell level left.
You knew the following spells:

 Your Spells              Type           Power      Damage    Failure   Level
b - Beastly Appendage     Tmut           28%        N/A       4%          1
c - Ice Form              Ice/Tmut       13%        N/A       45%         4
w - Wereblood             Tmut           14%        N/A       6%          2

Your spell library contained the following spells:

 Spells                   Type           Power      Damage    Failure   Level
 Spider Form              Tmut/Pois      8%         N/A       26%         3
 Gell's Gravitas          Tloc           1%         N/A       47%         3
 Summon Guardian Golem    Hex/Summ       1%         N/A       47%         3
 Teleport Other           Tloc           1%         N/A       47%         3
 Dispersal                Tloc           0%         N/A       100%        6
 Orb of Destruction       Conj           0%         9d5       100%        7
 Spellforged Servitor     Conj/Summ      0%         N/A       100%        7

Inventory:

Magical Staves
 i - a staff of earth {!a}
 n - a staff of death {!a}
Jewellery
 L - a ring of flight (left tentacle)
 R - a ring of resist corrosion (right tentacle)
Scrolls
 c - a scroll of enchant weapon {unknown}
 e - 2 scrolls of fog {unknown}
 l - a scroll of teleportation {unknown}
 o - a scroll of summoning {unknown}
Potions
 a - 2 potions of lignification
 b - 2 potions of curing {unknown}
 d - a potion of resistance {unknown}
 f - a potion of brilliance {unknown}
 g - a potion of magic {unknown}
 h - 3 potions of attraction {unknown}
 j - a potion of mutation {unknown}
 k - 2 potions of heal wounds {unknown}
 m - a potion of might {unknown}

Dungeon Overview and Level Annotations

Branches:
Dungeon (4/15)
 Temple: D:4-7

Altars:
Okawaru
Vehumet

Annotations:
D:1 2 runed translucent doors

##.###(.'......#.......#
.......##..............#
##........##............
.............###.######.
##.###.......##.## ##
.... #.......#)###..#
##.. #.......#.#..(###
............##)##...##
#.##........#.#@l8..8#
###.##...# ... ... #..##
. ..#. ..# # ##


You could see an iguana.


Message History

You extend your transformation's duration.
The orc shouts!
Things that are here:
a +2 trident of flaming; 6 stones; an orc corpse You tentacle-slap the orc but do no damage.
You grab the orc. You squeeze the orc.
The orc is heavily wounded.
You constrict the orc. The orc hits you with a +0 flail.
You tentacle-slap the orc but do no damage.
You pierce the orc.
You squeeze the orc.
You kill the orc!
You barely miss the iguana. Your grab misses the iguana.
You pierce the iguana.
The iguana is lightly wounded.
The iguana bites you.
You closely miss the iguana. Your grab misses the iguana.
Your tentacle spike misses the iguana.
You squeeze the iguana.
The iguana is moderately wounded.
The iguana misses you.
You tentacle-slap the iguana but do no damage.
Your grab misses the iguana.
You pierce the iguana.
The iguana is heavily wounded.
The iguana bites you!
* * * LOW HITPOINT WARNING * * *
You tentacle-slap the iguana but do no damage.
Your grab misses the iguana.
You pierce the iguana, but do no damage.
You tentacle-slap the iguana.
The iguana is heavily wounded.
The iguana bites you!
You die...

Skill      XL: |  1  2  3  4 |
---------------+-------------+-----
Ice Magic      | 1 2 |  2.7
Transmutations | 3 |  3.5
Fighting       | 2 |  2.1
Dodging        | |  2.0
Unarmed Combat | |  3.6
Spellcasting   | |  2.0

Action                   |  1- 3 |  4- 6 || total
-------------------------+-------+-------++-------
Melee: Unarmed           |    72 |    75 ||   147
       Kick              |    16 |    29 ||    45
       Constrict         |    18 |    19 ||    37
       Tentacles         |    13 |    13 ||    26
       Punch             |     2 |     4 ||     6
 Cast: Beastly Appendage |    10 |    17 ||    27
       Wereblood         |       |     2 ||     2
 Stab: Sleeping          |     8 |     4 ||    12
Armor: Skin              |     6 |     1 ||     7
Dodge: Dodged            |    47 |    39 ||    86

Levels and vault maps discovered:
D:1:      erik_arrival_cave_to_civilisation [erik_arrival_cave_to_temple],
          layout_loops_ring, minmay_hexomino_r4
D:2:      layout_basic, minmay_close_crescents
D:3:      layout_loops_ring, minmay_ruptured
D:4:      layout_basic, fiery_altar_vehumet, guppyfry_early_orc_mine

Notes
Turn   | Place    | Note
-------+----------+-------------------------------------------
     0 | D:1      | Raultor the Octopode Transmuter began the quest for the
                  | Orb.
     0 | D:1      | Reached XP level 1. HP: 13/13 MP: 3/3
    62 | D:1      | Reached XP level 2. HP: 18/18 MP: 5/5
    74 | D:1      | Found a large runed translucent door.
    74 | D:1      | Found a large runed translucent door.
    90 | D:1      | Noticed an orc warrior
   375 | D:1      | Reached skill level 1 in Ice Magic
   423 | D:1      | Found an iron altar of Okawaru.
   916 | D:2      | Reached XP level 3. HP: 22/23 MP: 6/6
  1493 | D:2      | Reached XP level 4. HP: 28/29 MP: 5/7
  1798 | D:2      | Reached skill level 3 in Transmutations
  2120 | D:2      | Learned a level 2 spell: Wereblood
  2125 | D:2      | Learned a level 4 spell: Ice Form
  2346 | D:3      | Reached skill level 2 in Ice Magic
  2949 | D:4      | Found a radiant altar of Vehumet.
  2997 | D:4      | Reached skill level 2 in Fighting
  2997 | D:4      | Reached XP level 5. HP: 16/34 MP: 8/8
  3102 | D:4      | Mangled by an iguana

Vanquished Creatures
  An orc priest (D:4)
  An orc wizard (D:4)
  4 adders
  A worm (D:3)
  A dart slug (D:2)
  5 orcs
  6 ball pythons
  4 bats
  7 endoplasms
  A giant cockroach (D:3)
  7 hobgoblins
  6 jackals
  3 quokkas (D:1)
  2 frilled lizards (D:3)
  7 goblins
  4 kobolds
  6 rats
66 creatures vanquished.

Vanquished Creatures (others)
  A kobold (D:4)
1 creature vanquished.

Grand Total: 67 creatures vanquished

Table legend: (Time is in decaauts)
 A = Elapsed time spent in this place.
 B = Non-inter-level travel time spent in this place.
 C = Inter-level travel time spent in this place.
 D = Time resting spent in this place.
 E = Time spent auto-exploring this place.
 F = Levels seen in this place.
 G = Mean time per level.
                   A        B        C        D        E       F      G
               +--------+--------+--------+--------+--------+-----+--------+
         Total |   3090 |   2958 |    132 |      0 |   2439 |   4 |  772.5 |
       Dungeon |   3090 |   2958 |    132 |      0 |   2439 |   4 |  772.5 |
               +--------+--------+--------+--------+--------+-----+--------+

Top non-repeatable levels by time:
     D:2: 1357 daAuts
     D:1: 846 daAuts
     D:3: 731 daAuts
     D:4: 156 daAuts

Table legend:
 A = Non-vault XP
 B = Vault XP
 C = Vault XP percentage of total XP
 D = Non-vault monster count
 E = Vault monster count
 F = Vault count percentage of total count
                 A         B        C        D         E       F
            +---------+---------+-------+---------+---------+-------
      Total |     118 |     124 |  51.2 |      48 |      18 |  27.3
            +---------+---------+-------+---------+---------+-------
        D:1 |      19 |      13 |  40.6 |      10 |       7 |  41.2
        D:2 |      60 |       6 |   9.1 |      23 |       2 |   8.0
        D:3 |      39 |      16 |  29.1 |      15 |       3 |  16.7
        D:4 |       0 |      89 | 100.0 |       0 |       6 | 100.0
            +---------+---------+-------+---------+---------+-------
